 Dungeon Crawl Stone Soup version 0.31-a0-459-gc8a9bf3d51 (webtiles) character file.

Game seed: 124389591103368509

464 Ethylacetat the Insei (level 7, -5/38 HPs)
             Began as a Vine Stalker Monk on Aug 4, 2023.
             Killed by divine providence
             ... invoked by an orc priest
              (6 damage)
             ... on level 4 of the Dungeon.
             The game lasted 00:03:08 (2588 turns).

Ethylacetat the Insei (Vine Stalker Monk)           Turns: 2588, Time: 00:03:09

Health: -5/38      AC:  7    Str: 13    XL:     7   Next: 7%
Magic:  0/13       EV: 15    Int: 10    God:
Gold:   181        SH:  0    Dex: 19    Spells: 13/13 levels left

rFire   . .          .
                       - Unarmed
rCold   . . .        c - orb {light}
rNeg    . . .        j - +0 scale mail
rPois   .            (no helmet)
rElec   .            (no cloak)
rCorr   .            f - +0 pair of gloves
SInv    .            (no boots)
Will    .....        (no amulet) Stlth
                     l - +5 ring of evasion
HPRegen 1.06/turn    (no ring)
MPRegen 0.13/turn

%: guardian spirit
@: lethally poisoned (-5 -> -6), glowing
A: fangs 2, regeneration 1, magic shield, antimagic bite, no potion heal 2
a: no special abilities


You were on level 4 of the Dungeon.
You visited 1 branch of the dungeon, and saw 4 of its levels.

You collected 181 gold pieces.

Inventory:

Armour
 c - an orb of light (worn)
 f - a +0 pair of gloves (worn)
 j - a +0 scale mail (worn)
Jewellery
 l - a +5 ring of evasion (left hand)
Scrolls
 a - 2 scrolls of poison {unknown}
 d - a scroll of revelation {unknown}
 g - 2 scrolls of torment {unknown}
 h - 5 scrolls of identify {unknown}
 i - 3 scrolls of teleportation {unknown}
 k - a scroll of fear {unknown}
Potions
 b - 2 potions of ambrosia
 e - a potion of mutation {unknown}


   Skills:
 + Level 4.6 Fighting
 - Level 2.4 Dodging
 + Level 5.0 Unarmed Combat
 + Level 3.8 Spellcasting


You had 13 spell levels left.
You didn't know any spells.
Your spell library contained the following spells:

 Spells                   Type           Power      Damage    Failure   Level
 Blink                    Tloc           2%         N/A       89%         2
 Manifold Assault         Tloc           1%         N/A       100%        4


Dungeon Overview and Level Annotations

Branches:
Dungeon (4/15)             Temple (0/1) D:4

Altars:

Shops:
D:4 [


Innate Abilities, Weirdness & Mutations

You have extremely sharp teeth.
Your natural rate of healing is unusually fast.
When hurt, damage is shared between your health and your magic reserves.
Your bite disrupts and absorbs the magic of your enemies.
Potions cannot restore your health.


Message History

The hound is severely wounded.
The hound closely misses you. The hound bites you.
* * * LOW HITPOINT WARNING * * *
A ball python comes into view.
You hit the hound.
You kill the hound!
You hit the goblin. Your bite misses the goblin.
The goblin is severely wounded.
The scorpion stings you.
* * * LOW HITPOINT WARNING * * *
You are poisoned.
The scorpion poisons you! The orc closely misses you.
The goblin barely misses you.
You hit the scorpion but do no damage. Your bite misses the scorpion.
You feel very sick.
The scorpion stings you but does no damage.
The orc misses you. The goblin misses you.
You barely miss the scorpion.
You bite the scorpion, but do no damage.
You feel sick. The scorpion stings you.
* * * LOW HITPOINT WARNING * * *
The orc barely misses you. The goblin hits you but does no damage.
You hit the scorpion but do no damage.
* * * LOW HITPOINT WARNING * * *
You feel sick. The scorpion barely misses you.
You hit the scorpion. You bite the scorpion. You drain its power.
You feel invigorated.
The scorpion is moderately wounded.
* * * LOW HITPOINT WARNING * * *
You feel sick. The scorpion misses you. The orc hits you but does no damage.
The goblin hits you but does no damage. The scorpion closely misses you.
You hit the scorpion but do no damage. You bite the scorpion.
You drain its power.
The scorpion is moderately wounded.
You feel sick.
The orc hits you from afar with a +0 trident.
* * * LOW HITPOINT WARNING * * *
The orc priest mumbles some strange prayers to Beogh against you.
Beogh smites you!
You die...

........##
..>.......##
.∩.........#
...........#
...........#
...........# #
...........# ...
..........######..#
..........oos@gS.#
.###.##...#o######
#.......w....
....>.......##.#
...............#
##.............
##.......8⌠..#.
#............
#.......8⌠.>.


You could see a scorpion, an orc priest, a dart slug, 2 orcs, a goblin and a
ball python.

Vanquished Creatures
  Sigmund (D:3)
  A hound (D:4)
  2 orc priests (D:3)
  Jessica (D:3)
  Natasha (thrice) (D:2)
  3 adders (D:2)
  2 worms (D:2)
  2 dart slugs (D:2)
  3 orcs (D:3)
  3 ball pythons (D:2)
  12 endoplasms
  5 goblins
  5 hobgoblins
  5 jackals (D:2)
  3 quokkas
  3 bats
  4 frilled lizards
  6 kobolds
  4 rats
68 creatures vanquished.

Notes
Turn   | Place    | Note
-------+----------+-------------------------------------------
     0 | D:1      | Ethylacetat the Vine Stalker Monk began the quest for the
                  | Orb.
     0 | D:1      | Reached XP level 1. HP: 11/11 MP: 2/2
   148 | D:1      | Reached XP level 2. HP: 14/16 MP: 1/3
   326 | D:1      | Reached skill level 1 in Spellcasting
   868 | D:2      | Reached XP level 3. HP: 20/20 MP: 5/5
  1202 | D:2      | Noticed Natasha
  1207 | D:2      | Killed Natasha
  1208 | D:2      | Gained mutation: Your natural rate of healing is unusually
                  | fast. [Vine Stalker growth]
  1208 | D:2      | Reached XP level 4. HP: 22/24 MP: 6/8
  1256 | D:2      | Noticed Natasha
  1266 | D:2      | Killed Natasha
  1267 | D:2      | Reached skill level 4 in Unarmed Combat
  1267 | D:2      | Reached XP level 5. HP: 28/28 MP: 9/9
  1399 | D:2      | Noticed Natasha
  1410 | D:2      | Killed Natasha
  1892 | D:3      | Noticed Sigmund
  1902 | D:3      | Killed Sigmund
  1903 | D:3      | Reached XP level 6. HP: 34/34 MP: 10/12
  2038 | D:3      | Noticed Jessica
  2045 | D:3      | Killed Jessica
  2082 | D:3      | Reached skill level 5 in Unarmed Combat
  2144 | D:3      | Reached XP level 7. HP: 38/38 MP: 13/13
  2567 | D:4      | Found Raaqoj's Antique Armour Emporium.
  2569 | D:4      | Found a staircase to the Ecumenical Temple.
  2588 | D:4      | HP: 1/38 [orc/+0 trident (1)]
  2588 | D:4      | Killed from afar by an orc priest

Illustrated notes

Levels and vault maps discovered:
D:1:      minmay_arrival_stair_chambers, layout_loops_ring,
          minmay_misc_feat_five
D:2:      layout_basic, uniq_natasha
D:3:      layout_loops_corners, serial_bayou_pond_c, uniq_sigmund, uniq_jessica
D:4:      layout_rooms, marbit_many_paths, minmay_temple_entry_drinking_statues,
          serial_shops, nicolae_shop_tiny_statue_garden,
          nicolae_book_shop_shelving, shop

Skill      XL: |  1  2  3  4  5  6 |
---------------+-------------------+-----
Fighting       | 3 4 |  4.6
Spellcasting   | 1 2 3 |  3.8
Unarmed Combat | 4 5 |  5.0
Dodging        | |  2.4

Action                     |  1- 3 |  4- 6 |  7- 9 || total
---------------------------+-------+-------+-------++-------
  Melee: Unarmed           |    90 |   100 |    18 ||   208
         Bite              |    34 |    43 |     9 ||    86
 Armour: Robe              |    15 |       |       ||    15
         Scale mail        |     1 |    17 |    10 ||    28
  Dodge: Dodged            |    32 |    47 |    17 ||    96

Table legend: (Time is in decaauts)
 A = Elapsed time spent in this place.
 B = Non-inter-level travel time spent in this place.
 C = Inter-level travel time spent in this place.
 D = Time resting spent in this place.
 E = Time spent auto-exploring this place.
 F = Levels seen in this place.
 G = Mean time per level.
                   A        B        C        D        E       F      G
               +--------+--------+--------+--------+--------+-----+--------+
         Total |   2573 |   2492 |     81 |      0 |   1954 |   4 |  643.2 |
       Dungeon |   2573 |   2492 |     81 |      0 |   1954 |   4 |  643.2 |
               +--------+--------+--------+--------+--------+-----+--------+

Top non-repeatable levels by time:
     D:2: 901 daAuts
     D:3: 899 daAuts
     D:1: 751 daAuts
     D:4: 21 daAuts
